 Dungeon Crawl Stone Soup version 0.23-a0-136-g722f094 (webtiles) character file.

65 Kuinu the Skirmisher (level 3, 0/33 HPs)
             Began as a Draconian Berserker on Aug 28, 2018.
             Was a Believer of Trog.
             Killed by divine providence
             ... invoked by an orc priest
              (12 damage)
             ... on level 3 of the Dungeon.
             The game lasted 00:03:25 (1845 turns).

Kuinu the Skirmisher (Draconian Berserker)          Turns: 1845, Time: 00:03:26

Health: 0/33       AC:  5    Str: 19    XL:     3   Next: 92%
Magic:  3/3        EV: 13    Int:  7    God:    Trog [**....]
Gold:   163        SH:  0    Dex: 11    Spells: 2/2 levels left

rFire    . . .     SeeInvis .   a - +0 falchion
rCold    . . .     Gourm    .   (no shield)
rNeg     . . .     Faith    .   (armour unavailable)
rPois    .         Spirit   .   (helmet restricted)
rElec    .         Reflect  .   (no cloak)
rCorr    .         Harm     .   (no gloves)
MR       ++...                  (no boots)
Stlth    +.........             (no amulet)
HPRegen  1.11/turn              (no ring)
MPRegen  0.08/turn              (no ring)

@: regenerating
A: unfitting armour, cold-blooded, AC +5
a: Berserk, Trog's Hand, Renounce Religion


You were on level 3 of the Dungeon.
You worshipped Trog.
Trog was pleased with you.
You were hungry.

You visited 1 branch of the dungeon, and saw 3 of its levels.

You collected 163 gold pieces.

Inventory:

Hand Weapons
 a - a +0 falchion (weapon)
Jewellery
 g - a cursed -2 ring of intelligence {unknown}
Scrolls
 d - 2 scrolls of remove curse {unknown}
 e - 3 scrolls of teleportation {unknown}
 f - a scroll of fog {unknown}
 h - 3 scrolls of identify {unknown}
 l - 2 scrolls of fear {unknown}
 n - a scroll of magic mapping {unknown}
Potions
 i - a potion of might {unknown}
 j - a potion of magic {unknown}
 k - a potion of curing {unknown}
 m - a potion of degeneration {unknown}
 o - 2 potions of heal wounds {unknown}
Comestibles
 b - 6 rations


   Skills:
 * Level 4.2 Fighting
 * Level 3.8 Long Blades
 + Level 3.1 Dodging


You had 2 spell levels left.
You didn't know any spells.
Your spell library was empty.

Dungeon Overview and Level Annotations

Branches:
Dungeon (3/15)

Altars:
Elyvilon
Okawaru
Trog

Annotations:
D:3 1 runed door


Innate Abilities, Weirdness & Mutations

Your plain brown scales are hard. (AC +5)
You cannot fit into any form of body armour.
You are cold-blooded and may be slowed by cold attacks.


Message History

The orc barely misses you.
The orc priest looks encouraged for a moment.
The orc barely misses you.
The orc priest casts a cantrip, but nothing happens.
You see here a club.
The hound skeleton closely misses you.
The orc wizard gestures wildly while chanting.
The orc wizard seems to speed up.
The hound skeleton bites you.
* * * LOW HITPOINT WARNING * * *
The orc priest calls upon Beogh to heal the orc.
The orc's wounds heal themselves!
The orc wizard mumbles some strange words.
The orc wizard blinks!
The hound skeleton closely misses you.
You riposte.
You hit the hound skeleton.
The hound skeleton is moderately damaged.
There is a stone staircase leading up here.
The hound skeleton misses you.
The orc priest invokes the aid of Beogh against you.
Beogh smites you!
You die...

+.####PP.. ..# ##).#..P..
.. #.# ###.#..#.
...###...# #######
.......#.# #
.......#.####### #######
.......#.##..... #.....#
.......#.##..... #.....#
........@...#.# ###.....#
.....ooZo.....# #......##
.....ยง..o.....###........
#####..o.....##..........
............)##..........
.............##..........
.............####...#....
.........................
.........................


You could see 2 orc priests, an orc wizard, 2 orcs and a hound skeleton.

Vanquished Creatures
  An adder (D:3)
  A worm (D:2)
  A dart slug (D:2)
  2 leopard geckos
  An orc (D:3)
  9 bats
  2 giant cockroaches (D:1)
  4 hobgoblins
  6 jackals
  A ball python (D:1)
  4 goblins
  7 kobolds
  5 rats
44 creatures vanquished.

Notes
Turn   | Place    | Note
-------+----------+-------------------------------------------
     0 | D:1      | Kuinu the Draconian Berserker began the quest for the Orb.
     0 | D:1      | Reached XP level 1. HP: 19/19 MP: 1/1
   277 | D:1      | Reached XP level 2. HP: 26/26 MP: 2/2
   748 | D:2      | Reached ** piety under Trog
   892 | D:2      | Reached XP level 3. HP: 33/33 MP: 3/3
   958 | D:2      | Found an iron altar of Okawaru.
  1035 | D:2      | Found a bloodstained altar of Trog.
  1041 | D:2      | Reached skill level 4 in Fighting
  1559 | D:3      | Found a runed door.
  1587 | D:3      | Found a white marble altar of Elyvilon.
  1845 | D:3      | Killed from afar by an orc priest

Vault maps used:
D:1:      dpeg_arrival_boxes_within_box
D:2:      lemuel_coloured_pillars_altar, bloody_trog, first_ration,
          minmay_goblin_kobold_house
D:3:      elyvilon_altar_5, kennysheep_nub, hangedman_abyss_or_decor_stabs,
          uniq_crazy_yiuf_cottage

Skill      XL: |  1  2  3 |
---------------+----------+-----
Dodging        | 3 |  3.1
Fighting       | 4 |  4.2
Long Blades    | |  3.8

Action                   || total
-------------------------++-------
Melee: Falchion          ||   119
       Tailslap          ||    16
Invok: Trog's Hand       ||     1
 Stab: Sleeping          ||     2
  Eat: Chunk             ||     3
Armor: Skin              ||    46
Dodge: Dodged            ||   111
       Rpst.: Falchion   ||    33

Table legend:
 A = Non-vault XP
 B = Vault XP
 C = Vault XP percentage of total XP
 D = Non-vault monster count
 E = Vault monster count
 F = Vault count percentage of total count
                 A         B        C        D         E       F
            +---------+---------+-------+---------+---------+-------
      Total |      89 |       4 |   4.3 |      42 |       2 |   4.5
            +---------+---------+-------+---------+---------+-------
        D:1 |      26 |       0 |   0.0 |      17 |       0 |   0.0
        D:2 |      31 |       4 |  11.4 |      13 |       2 |  13.3
        D:3 |      32 |       0 |   0.0 |      12 |       0 |   0.0
            +---------+---------+-------+---------+---------+-------
